 Dungeon Crawl Stone Soup version 0.19-a0-599-g723c685 (webtiles) character file.

389 st0uf the Shield-Bearer (level 7, -5/54 HPs)
             Began as a Formicid Fighter on June 12, 2016.
             Was a Believer of Uskayaw.
             Slain by Crazy Yiuf
             ... wielding a +4 quarterstaff of chaos
              (9 damage)
             ... on level 5 of the Dungeon.
             The game lasted 00:12:47 (2673 turns).

st0uf the Shield-Bearer (Formicid Fighter)          Turns: 2673, Time: 00:12:47

Health: -5/54      AC: 10    Str: 23    XL:     7   Next: 7%
Magic:  8/8        EV:  9    Int:  7    God:    Uskayaw [**....]
Gold:   114        SH: 10    Dex: 10    Spells: 0 memorised, 6 levels left

rFire  . . .     SeeInvis +     a - +0 war axe
rCold  . . .     Gourm    .     b - +0 scale mail
rNeg   . . .     Faith    .     c - +0 shield
rPois  .         Spirit   .     (helmet unavailable)
rElec  .         Dismiss  .     (no cloak)
rCorr  .         Reflect  .     (no gloves)
SustAt .         Harm     +     (no boots)
MR     .....                    p - amulet of harm
Stlth  ..........               D - +1 ring of slaying
                                s - +3 ring of protection

@: lethally poisoned (-5 -> -9), very slightly contaminated, not resistant to
hostile enchantments, extremely unstealthy
A: permanent stasis, dig shafts and tunnels, four strong arms, antennae 3
a: Dig, Shaft Self, Stomp, Line Pass, Renounce Religion


You were on level 5 of the Dungeon.
You worshipped Uskayaw.
Uskayaw was pleased with you.
You were not hungry.

You visited 1 branch of the dungeon, and saw 5 of its levels.

You collected 114 gold pieces.

Inventory:

Hand Weapons
 a - a +0 war axe (weapon)
 w - a +0 hunting sling
Missiles
 o - 121 stones (quivered)
 v - 8 javelins
 H - 24 sling bullets
Armour
 b - a +0 scale mail (worn)
 c - a +0 shield (worn)
Jewellery
 h - an uncursed amulet of dismissal
 p - an amulet of harm (around neck)
 s - a +3 ring of protection (left hand)
 x - an uncursed amulet of guardian spirit {unknown}
 y - an uncursed amulet of guardian spirit {unknown}
 D - a +1 ring of slaying (right hand)
 I - a cursed ring of loudness {unknown}
Scrolls
 e - a scroll of fear {unknown}
 g - 6 scrolls of identify {unknown}
 j - 2 scrolls of recharging {unknown}
 k - 2 scrolls of enchant weapon {unknown}
 l - a scroll of magic mapping {unknown}
 q - 2 scrolls of amnesia {unknown}
 u - 5 scrolls of teleportation {unknown}
 C - 2 scrolls of enchant armour {unknown}
 E - 2 scrolls of remove curse {unknown}
Potions
 d - a potion of might
 i - 2 potions of heal wounds {unknown}
 r - 2 potions of haste {unknown}
 t - 2 potions of lignification {unknown}
 z - a potion of curing {unknown}
 A - 2 potions of brilliance {unknown}
 G - a potion of flight {unknown}
Comestibles
 f - 4 bread rations
 m - 5 fruits
 n - 3 slices of pizza
 B - 2 meat rations
 F - 2 chunks of flesh


   Skills:
 + Level 4.1 Fighting
 * Level 4.2 Axes
 + Level 4.2 Armour
 + Level 1.5 Dodging
 + Level 5.0 Shields
 * Level 2.6 Invocations


You had 6 spell levels left.
You didn't know any spells.

Dungeon Overview and Level Annotations

Branches:
Dungeon (5/15)
 Temple: D:4-7

Altars:
Ashenzari
Elyvilon
Hepliaklqana
Kikubaaqudgha
Okawaru
Pakellas
Sif Muna
Uskayaw
The Shining One

Shops:
D:4 *

Annotations:
D:3 exclusion: downstairs
D:4 Edmund
D:5 Crazy Yiuf


Innate Abilities, Weirdness & Mutations

You are under a permanent stasis effect.
You can dig through walls and to a lower floor.
Your four strong arms can wield two-handed weapons with a shield.
You have a pair of large antennae on your head. (SInv)


Message History

Crazy Yiuf is severely wounded.
You feel sick. You block Crazy Yiuf's attack.
Crazy Yiuf hits you with a quarterstaff of chaos.
* * * LOW HITPOINT WARNING * * *
x2 You can no longer pass through a line of other dancers.
You hit Crazy Yiuf.
Crazy Yiuf is almost dead.
* * * LOW HITPOINT WARNING * * *
You feel sick. Crazy Yiuf hits you but does no damage.
You can now pass through a line of other dancers.
You hit Crazy Yiuf but do no damage.
Crazy Yiuf is almost dead.
* * * LOW HITPOINT WARNING * * *
You feel sick. You block Crazy Yiuf's attack.
You closely miss Crazy Yiuf.
Crazy Yiuf is almost dead.
* * * LOW HITPOINT WARNING * * *
You feel sick.
Crazy Yiuf hits you with a quarterstaff of chaos!
You die...

# ###### #####
♣♣##....# #)@.#♣♣
♣♣.+..#..#
#.g.'.♣♣♣♣........#
#...#♣..♣..........
#####♣♣♣.♣..+......
♣♣♣♣♣##...#. ######
# # ##


You could see Crazy Yiuf.

Vanquished Creatures
  A phantom (D:4)
  An ogre (D:4)
  3 worker ants (D:4)
  A hound skeleton (D:4)
  A gnoll (D:4)
  4 adders
  An ooze (D:3)
  2 worms (D:2)
  2 dart slugs
  2 giant geckos
  5 orcs
  6 bats
  2 giant cockroaches
  9 goblins
  9 hobgoblins
  4 jackals (D:1)
  7 kobolds
  A quokka (D:4)
  4 ball pythons
  7 rats
72 creatures vanquished.

Vanquished Creatures (others)
  4 toadstools (D:1)
4 creatures vanquished.

Grand Total: 76 creatures vanquished

Notes
Turn   | Place    | Note
--------------------------------------------------------------
     0 | D:1      | st0uf the Formicid Fighter began the quest for the Orb.
     0 | D:1      | Reached XP level 1. HP: 18/18 MP: 1/1
    23 | D:1      | Reached XP level 2. HP: 24/24 MP: 2/2
   227 | D:1      | Reached XP level 3. HP: 29/29 MP: 3/3
   693 | D:2      | Found an iron altar of Okawaru.
   792 | D:2      | Reached XP level 4. HP: 37/37 MP: 4/4
   964 | D:2      | Found a hazy altar of Hepliaklqana.
   970 | D:2      | Found a glowing golden altar of the Shining One.
   972 | D:2      | Found a hide-covered altar of Uskayaw.
   973 | D:2      | Found an oddly glowing altar of Pakellas.
   974 | D:2      | Found an ancient bone altar of Kikubaaqudgha.
   976 | D:2      | Found a deep blue altar of Sif Muna.
   978 | D:2      | Found a white marble altar of Elyvilon.
   985 | D:2      | Became a worshipper of Uskayaw the Reveler
  1068 | D:3      | Reached * piety under Uskayaw
  1209 | D:3      | Reached skill level 4 in Shields
  1788 | D:4      | Reached XP level 5. HP: 42/42 MP: 5/5
  1797 | D:4      | Reached skill level 1 in Invocations
  1797 | D:4      | Reached ** piety under Uskayaw
  1833 | D:4      | Noticed Edmund
  1889 | D:4      | Found Kic Oxkucu's Assorted Antiques.
  1919 | D:4      | Reached skill level 1 in Dodging
  1930 | D:4      | Found a shattered altar of Ashenzari.
  1969 | D:4      | Noticed an ogre
  1976 | D:4      | Killed an ogre
  1976 | D:4      | Reached XP level 6. HP: 31/48 MP: 7/7
  2438 | D:4      | Noticed a phantom
  2451 | D:4      | Killed a phantom
  2451 | D:4      | Reached skill level 5 in Shields
  2451 | D:4      | Reached XP level 7. HP: 54/54 MP: 4/8
  2606 | D:5      | Entered Level 5 of the Dungeon
  2657 | D:5      | Noticed Crazy Yiuf
  2673 | D:5      | Slain by Crazy Yiuf

Vault maps used:
D:1:      ldierk_water_garden, item_on_display_a
D:2:      minitemple, okawaru_metal_pillars_1_2, serial_park_tiny_1
D:3:      first_bread, minivault_23
D:4:      wad_river_or_something, kennysheep_mini, serial_shops, shop,
          minmay_cut_off, uniq_edmund
D:5:      basic_altar, serial_shops, nicolae_shop_crystal, uniq_prince_ribbit1,
          uniq_menkaure, uniq_crazy_yiuf_cottage

Skill      XL: |  1  2  3  4  5  6 |
---------------+-------------------+-----
Axes           | 3 4 |  4.2
Shields        | 4 5 |  5.0
Invocations    | 2 |  2.6
Dodging        | 1 |  1.5
Fighting       | 4 |  4.1
Armour         | 4 |  4.2

Action                   |  1- 3 |  4- 6 |  7- 9 || total
-------------------------+-------+-------+-------++-------
Melee: War axe           |    81 |   105 |    12 ||   198
Invok: Stomp             |       |     1 |       ||     1
 Abil: Dig               |       |     3 |       ||     3
  Eat: Chunk             |       |     5 |     1 ||     6
Armor: Scale mail        |    34 |    38 |     2 ||    74
Dodge: Dodged            |    34 |    26 |     5 ||    65
Block: Shield            |    47 |    48 |     4 ||    99
